 Dungeon Crawl Stone Soup version 0.16.2-2-g470672f (webtiles) character file.

13099 poirepourri the Cleaver (level 11, -4/106 (110) HPs)
             Began as a Deep Dwarf Berserker on Aug 21, 2015.
             Was an Elder of Trog.
             Slain by a nine-headed hydra (9 damage)
             ... on level 12 of the Dungeon.
             The game lasted 00:29:51 (11423 turns).

poirepourri the Cleaver (Deep Dwarf Berserker)     Turns: 11423, Time: 00:29:53

HP:   -4/106 (110)  AC: 15    Str: 26      XL:     11   Next: 71%
MP:   14/14         EV: 15    Int:  9      God:    Trog [****..]
Gold: 276           SH:  0    Dex:  9 (12) Spells: 0 memorised, 10 levels left

rFire  . . .     SeeInvis .     A - +4 battleaxe "Hiame" {holy, rN++ MR+}
rCold  . . .     Clarity  .     K - +2 scale mail {rPois}
rNeg   + + .     SustAb   .     (no shield)
rPois  +         Gourm    .     f - +1 helmet
rElec  .         Spirit   .     E - +0 cloak
rCorr  .         Warding  .     (no gloves)
rMut   .         Stasis   .     r - +0 pair of boots
MR     ++...                    (no amulet)
Stlth  +.........               o - +1 ring of evasion
                                t - +3 ring of strength

@: starving, non-regenerating, very resistant to hostile enchantments, very
unstealthy
A: damage resistance, recharge devices, sense surroundings 2, slow healing 3
a: Device Recharging, Burn Spellbooks, Berserk, Trog's Hand, Brothers in Arms,
Renounce Religion


You were on level 12 of the Dungeon.
You worshipped Trog.
Trog was greatly pleased with you.
You were starving.

You visited 1 branch of the dungeon, and saw 12 of its levels.

You collected 557 gold pieces.
You spent 281 gold pieces at shops.

Inventory:

Hand weapons
 a - a +2 hand axe
 A - the +4 battleaxe "Hiame" (weapon) {holy, rN++ MR+}
   (Trog gifted it to you on level 7 of the Dungeon)

   It has been blessed by the Shining One to cause great damage to the undead
   and demons.
   It greatly protects you from negative energy.
   It affects your resistance to hostile enchantments.
 F - a cursed +2 hand axe
 M - a +1 battleaxe of chopping
Armour
 b - a +0 animal skin
 f - a +1 helmet (worn)
 g - a cursed +0 large shield
 j - a +0 scale mail
 r - a +0 pair of boots (worn)
 B - a +0 buckler of protection
 D - a +0 pair of boots
 E - a +0 cloak (worn)
 K - a +2 scale mail of poison resistance (worn)
Jewellery
 e - an uncursed ring of wizardry
 m - an uncursed ring of flight
 o - a +1 ring of evasion (right hand)
 q - an uncursed ring of positive energy
 t - a +3 ring of strength (left hand)
 L - an uncursed amulet of guardian spirit {unknown}
Magical devices
 c - a wand of heal wounds (0)
 d - a wand of slowing (41)
 l - a wand of polymorph (0)
 p - a wand of draining (3)
 s - a wand of slowing (12)
 y - a wand of frost (0)
 C - a wand of fireball (4)
 N - a wand of disintegration (6)
Scrolls
 h - a scroll of fog
 i - 9 scrolls of teleportation
 n - 2 scrolls of remove curse
 u - a scroll of recharging
 z - 2 scrolls of blinking
 G - 5 scrolls of identify
 I - a scroll of magic mapping
 J - a scroll of fear
 O - a scroll of summoning {unknown}
Potions
 k - a potion of haste
 v - 3 potions of curing
 w - 2 potions of heal wounds
 x - a potion of brilliance
 H - 2 potions of invisibility


   Skills:
 * Level 10.5 Fighting
 + Level 10.8 Axes
 + Level 8.4 Armour
 + Level 10.3 Dodging
 + Level 2.9 Stealth
 + Level 1.7 Evocations


You had 10 spell levels left.
You didn't know any spells.

Dungeon Overview and Level Annotations

Branches:
Dungeon (13/15)            Temple (0/1) D:4            Lair (0/8) D:8
    Orc: D:9-12      Vaults: D:13-14

Altars:
Dithmenos
Elyvilon
Fedhas
Gozag
Kikubaaqudgha
Makhleb
Nemelex Xobeh
Okawaru
Sif Muna
Trog
Vehumet
Xom
Zin
The Shining One

Shops:
D:7 **!


Innate Abilities, Weirdness & Mutations

You are resistant to damage.
You can recharge devices by infusing magical energy.
You passively map the area around you.
You do not heal naturally.


Message History

Zapping:
c - a wand of heal wounds (1)
Press: ? - help, Shift-Dir - straight line, f - you You feel much better.
This wand has 0 charges left.
The manticore bites you!
* * * LOW HITPOINT WARNING * * *
The manticore barely misses you.
The manticore claws you but does no damage.
Use which ability? (? or * to list) You're too hungry.
You aren't carrying any food.
You slice the manticore!!
You kill the manticore!
The manticore's corpse disappears in a puff of smoke!
You aren't carrying any food.
You chop one of the eight-headed hydra's heads off!
The seven-headed hydra grows two more!
You hit the nine-headed hydra.
The nine-headed hydra is lightly wounded.
The nine-headed hydra bites you!
* * * LOW HITPOINT WARNING * * *
The nine-headed hydra bites you!
You die...

###.^(.....#
#
########.#,
* #.#, ,
########.# #
*
#........#.#
*,
#.#........#
#.##.#######
* #.##.#
#@##.# * *
*#D##.# * ,
.9o..# , **
.#..###* ,+
#....# ** #
#... *
####** * ,*
, , , *


You could see a nine-headed hydra, a gargoyle and an orc.

Vanquished Creatures
  A centaur warrior (D:12)
  The ghost of 3j109ei the Destroyer, an experienced DgCj (D:9)
  2 tengu warriors (D:13)
  Urug (D:12)
  A hill giant (D:10)
  A manticore (D:12)
  A gargoyle (D:13)
  A troll (D:12)
  3 ravens (D:13)
  2 wyverns (D:12)
  3 yaks (D:10)
  A mottled dragon (D:13)
  Edmund (D:4)
  A hungry ghost (D:9)
  Menkaure (D:4)
  7 orc warriors
  2 ice beasts (D:5)
  4 phantoms
  2 sky beasts
  7 necrophages
  A black bear (D:6)
  5 ogres
  7 centaurs
  2 crocodiles
  Sigmund (D:4)
  Duvessa (D:8)
  A big kobold (D:9)
  8 giant frogs
  18 killer bees
  3 scorpions
  3 electric eels (D:8)
  7 wights (D:9)
  3 crimson imps
  2 centaur zombies
  Dowan (D:8)
  3 jellies
  A giant frog zombie (D:8)
  A goliath beetle (D:7)
  2 hounds
  2 quasits (D:7)
  A centaur skeleton (D:9)
  3 giant frog skeletons
  10 orc priests
  11 orc wizards
  4 iguanas
  8 worker ants
  A killer bee zombie (D:9)
  Ijyb (D:2)
  5 hound zombies
  Terence (D:2)
  2 hound skeletons
  A mummy (D:9)
  Robin (D:3)
  13 adders
  2 river rats (D:5)
  4 shadow imps
  4 worms
  A giant mite (D:5)
  An adder skeleton (D:6)
  2 adder zombies
  4 giant geckos
  2 oozes (D:2)
  47 orcs
  2 ball pythons
  20 bats
  2 bat skeletons (D:5)
  A bat zombie (D:4)
  4 giant cockroaches
  15 hobgoblins
  11 jackals
  6 quokkas
  A giant gecko skeleton (D:9)
  A giant gecko zombie (D:5)
  A giant newt (D:6)
  20 goblins
  A jackal zombie (D:5)
  17 kobolds
  4 orc zombies (D:8)
  A quokka skeleton (D:7)
  10 rats
361 creatures vanquished.

Notes
Turn   | Place    | Note
--------------------------------------------------------------
     0 | D:1      | poirepourri, the Deep Dwarf Berserker, began the quest for the Orb.
     0 | D:1      | Reached XP level 1. HP: 20/20 MP: 1/1
   333 | D:1      | Reached XP level 2. HP: 25/28 MP: 2/2
   951 | D:1      | Acquired Trog's second power
  1036 | D:2      | Reached XP level 3. HP: 29/34 MP: 3/3
  1120 | D:2      | Found a shadowy altar of Dithmenos.
  1408 | D:2      | Noticed Terence
  1439 | D:2      | Killed Terence
  1439 | D:2      | Reached XP level 4. HP: 32/43 MP: 4/4
  1579 | D:2      | Reached skill level 1 in Stealth
  1895 | D:2      | Noticed Ijyb
  1936 | D:2      | Killed Ijyb
  1936 | D:2      | Reached skill level 4 in Dodging
  1936 | D:2      | Reached XP level 5. HP: 38/50 MP: 5/5
  1949 | D:2      | Found a shimmering altar of Xom.
  2157 | D:3      | Noticed Robin
  2166 | D:3      | Killed Robin
  2690 | D:3      | Found a blossoming altar of Fedhas.
  2794 | D:4      | Noticed Menkaure
  2805 | D:4      | Killed Menkaure
  2805 | D:4      | Reached skill level 5 in Dodging
  2805 | D:4      | Reached XP level 6. HP: 24/57 MP: 6/6
  2898 | D:4      | Noticed Edmund
  2928 | D:4      | Killed Edmund
  2928 | D:4      | Reached skill level 6 in Dodging
  2928 | D:4      | Reached XP level 7. HP: 22/66 MP: 7/7
  3393 | D:4      | Found a staircase to the Ecumenical Temple.
  3407 | D:4      | Reached skill level 5 in Fighting
  3778 | D:4      | Found a deep blue altar of Sif Muna.
  3857 | D:4      | Reached skill level 5 in Axes
  3883 | D:4      | Found an ancient bone altar of Kikubaaqudgha.
  3943 | D:4      | Acquired Trog's third power
  3974 | D:4      | Noticed Sigmund
  4006 | D:4      | Killed Sigmund
  4040 | D:4      | Noticed a phantom
  4105 | D:4      | Killed a phantom
  4105 | D:4      | Reached XP level 8. HP: 31/75 MP: 8/8
  4222 | D:5      | Entered Level 5 of the Dungeon
  4579 | D:5      | Reached skill level 7 in Dodging
  4698 | D:5      | Found a burning altar of Makhleb.
  4699 | D:5      | Found a radiant altar of Vehumet.
  5024 | D:5      | Found an iron altar of Okawaru.
  5752 | D:6      | Found a sparkling altar of Nemelex Xobeh.
  6043 | D:6      | Gained mutation: You passively map the area around you. [level up]
  6043 | D:6      | Reached XP level 9. HP: 37/85 MP: 9/9
  6061 | D:6      | Found a white marble altar of Elyvilon.
  6061 | D:6      | Found a glowing golden altar of the Shining One.
  6383 | D:7      | Reached skill level 8 in Dodging
  6472 | D:7      | Found Ozaumuga's General Store.
  6506 | D:7      | Found Strewibb's Distillery.
  6547 | D:7      | Found Diusoom's Assorted Antiques.
  6558 | D:7      | Bought a scroll of recharging for 237 gold pieces
  6558 | D:7      | Bought a white potion for 22 gold pieces
  6558 | D:7      | Bought a pink potion for 22 gold pieces
  6780 | D:7      | Reached skill level 5 in Armour
  7079 | D:7      | HP: 4/82 [orc warrior/scimitar (16)]
  7148 | D:7      | Found a bloodstained altar of Trog.
  7172 | D:7      | Received a gift from Trog
  7187 | D:7      | Got an ichor-stained battleaxe {god gift}
  7188 | D:7      | Identified the +4 battleaxe "Hiame" {holy, rN++ MR+} (Trog gifted it to you on level 7 of the Dungeon)
  7403 | D:8      | Noticed Dowan
  7404 | D:8      | Noticed Duvessa
  7417 | D:8      | Killed Dowan
  7420 | D:8      | Killed Duvessa
  8020 | D:8      | Found a staircase to the Lair.
  8059 | D:8      | Reached XP level 10. HP: 76/92 MP: 11/11
  8637 | D:8      | Found an opulent altar of Gozag.
  8637 | D:8      | Found a glowing silver altar of Zin.
  8987 | D:9      | Noticed 3j109ei's ghost (experienced DgCj)
  8997 | D:9      | Reached skill level 9 in Dodging
  9001 | D:9      | Killed 3j109ei's ghost
  9001 | D:9      | Reached skill level 1 in Evocations
 10153 | D:10     | Entered Level 10 of the Dungeon
 10153 | D:10     | Noticed a hill giant
 10160 | D:10     | Killed a hill giant
 10306 | D:10     | Received a gift from Trog
 10451 | D:10     | Reached XP level 11. HP: 68/104 MP: 13/13
 10748 | D:10     | You fall through a shaft for 3 floors!
 10812 | D:13     | Noticed a tengu warrior
 10812 | D:13     | Noticed a tengu warrior
 10822 | D:13     | Reached skill level 10 in Axes
 10825 | D:13     | Killed a tengu warrior
 10825 | D:13     | Reached skill level 10 in Fighting
 10828 | D:13     | Killed a tengu warrior
 10828 | D:13     | Reached skill level 10 in Dodging
 10946 | D:12     | Noticed Urug
 10948 | D:12     | Noticed a centaur warrior
 10971 | D:12     | Killed Urug
 10982 | D:12     | Killed a centaur warrior
 11412 | D:12     | Noticed an eight-headed hydra
 11420 | D:12     | HP: 4/106 [manticore[a gargoyle] (15)]
 11423 | D:12     | Slain by a nine-headed hydra

Action                   |  1- 3 |  4- 6 |  7- 9 | 10-12 || total
-------------------------+-------+-------+-------+-------++-------
Melee: Hand axe          |   127 |   243 |   666 |    19 ||  1055
       Unarmed           |    23 |       |       |       ||    23
       Battleaxe         |       |       |    84 |   325 ||   409
Invok: Trog's Hand       |     3 |     6 |    18 |    17 ||    44
       Berserk           |     1 |     2 |     1 |     2 ||     6
       Burn Spellbooks   |       |       |     2 |       ||     2
Evoke: Wand              |     1 |       |     5 |     9 ||    15
  Use: Scroll            |     5 |     3 |     9 |     1 ||    18
       Potion            |     1 |     4 |     7 |     1 ||    13
  Eat: Bread ration      |     1 |     2 |     2 |     1 ||     6
       Beef jerky        |       |     1 |     2 |     1 ||     4
       Chunk             |       |       |     5 |     6 ||    11
       Meat ration       |       |       |     1 |       ||     1
